 Dungeon Crawl Stone Soup version 0.24-a0-446-g87df7205b4 (webtiles) character file.

Game seed: 14251125921586754619

49 ivs the Sneak (level 3, 0/16 HPs)
             Began as a Vine Stalker Enchanter on June 23, 2019.
             Was an Initiate of Ru.
             Slain by an adder (3 damage)
             ... on level 2 of the Dungeon.
             The game lasted 00:08:38 (536 turns).

ivs the Sneak (Vine Stalker Enchanter)               Turns: 536, Time: 00:08:39

Health: 0/16       AC:  2    Str: 10    XL:     3   Next: 77%
Magic:  0/7        EV: 11    Int: 16    God:    Ru [......]
Gold:   18         SH:  0    Dex: 14    Spells: 0/6 levels left

rFire    . . .     SeeInvis .   j - +3 dagger (venom)
rCold    . . .     Gourm    .   (no shield)
rNeg     . . .     Faith    .   b - +0 robe
rPois    .         Spirit   +   (no helmet)
rElec    .         Reflect  .   (no cloak)
rCorr    .         Harm     .   (no gloves)
MR       .....                  (no boots)
Stlth    ++........             (no amulet)
HPRegen  0.05/turn              (no ring)
MPRegen  0.10/turn              (no ring)

@: very slightly contaminated, heavily drained
A: fangs 2, magic shield, antimagic bite, no potion heal 3, rot immunity
a: Renounce Religion


You were on level 2 of the Dungeon.
You worshipped Ru.
Ru was noncommittal.
You were not hungry.

You visited 1 branch of the dungeon, and saw 3 of its levels.

You collected 18 gold pieces.

Inventory:

Hand Weapons
 j - a +3 dagger of venom (weapon)
Missiles
 g - 15 poisoned darts (quivered)
Armour
 b - a +0 robe (worn)
Jewellery
 h - a cursed -3 ring of protection {unknown}
Scrolls
 a - 2 scrolls of remove curse
 e - a scroll of fog {unknown}
Potions
 c - a potion of magic
 f - a potion of heal wounds
Comestibles
 d - 4 rations


   Skills:
 - Level 1.9(0.3) Short Blades
 - Level 1.5(0.0) Dodging
 - Level 3.6(1.9) Stealth
 + Level 2.2(0.6) Spellcasting
 + Level 3.0(1.3) Hexes
 - Level 2.5(0.8) Ice Magic


You couldn't memorise any spells.
You knew the following spells:

 Your Spells              Type           Power        Failure   Level  Hunger
a - Corona                Hex            #......      14%         1    ##.....
c - Confuse               Hex            #.......     38%         3    ####...
h - Ensorcelled Hibernat  Hex/Ice        #.....       22%         2    ###....

Your spell library contained the following spells:

 Spells                   Type           Power        Failure   Level  Hunger
 Tukima's Dance           Hex            #.......     38%         3    ####...
 Dazzling Spray           Conj/Hex       #.....       47%         3    ####...


Dungeon Overview and Level Annotations

Branches:
Dungeon (3/15)

Altars:
Ru
Uskayaw


Innate Abilities, Weirdness & Mutations

You have extremely sharp teeth.
When hurt, damage is shared between your health and your magic reserves.
Your bite disrupts and absorbs the magic of your enemies.
Potions cannot restore your health.
You are immune to rotting.


Message History

Confirm with . or Enter, or press ? or * to list all spells.
Okay, then.
Casting: Confuse (slightly dangerous; 38% risk of failure)
Confirm with . or Enter, or press ? or * to list all spells.
Aiming: Corona (safe; 14% risk of failure)
Press: ? - help, Shift-Dir - straight line, f - adder
Aim: an adder (heavily wounded, chance to defeat MR: 47%)
The adder is outlined in light.
The adder closely misses you. The adder bites you.
* * * LOW HITPOINT WARNING * * *
You are lethally poisoned!
The adder poisons you!
Your system rejects the healing.
You feel better. The adder misses you.
You hit the adder but do no damage.
The adder is poisoned.
The adder is heavily wounded.
The adder bites you but does no damage.
You hit the adder. Your bite misses the adder.
The adder is severely wounded.
The adder closely misses you. The adder bites you.
You die...

#.. ##.####### ..........# #
#...#.....# #.#
#####.###.....####...#
.......##.##...S@..#.##
.............#######..#
[......##.#### #.# .......#..#
#### #.#
.........######...###.# #.
...................##.# #.
......................#####.
....##...................##.##
.)"..#..............†.##.##..#


You could see an adder.

Vanquished Creatures
  Terence (D:2)
  An ooze (D:1)
  A dart slug (D:1)
  2 leopard geckos
  4 goblins
  A hobgoblin (D:1)
  2 bats
  A kobold (D:1)
  5 rats
18 creatures vanquished.

Notes
Turn   | Place    | Note
-------+----------+-------------------------------------------
     0 | D:1      | ivs the Vine Stalker Enchanter began the quest for the Orb.
     0 | D:1      | Reached XP level 1. HP: 9/9 MP: 4/4
    27 | D:1      | Reached skill level 1 in Short Blades
   100 | D:1      | Reached XP level 2. HP: 8/13 MP: 6/6
   104 | D:1      | Learned a level 2 spell: Ensorcelled Hibernation
   232 | D:1      | Reached skill level 1 in Ice Magic
   368 | D:2      | Found a sacrificial altar of Ru.
   376 | D:2      | Became a worshipper of Ru the Awakened
   399 | D:2      | Noticed Terence
   411 | D:2      | Killed Terence
   411 | D:2      | Reached XP level 3. HP: 16/16 MP: 7/7
   416 | D:2      | Learned a level 3 spell: Confuse
   473 | D:2      | Found a hide-covered altar of Uskayaw.
   536 | D:2      | Slain by an adder

Levels and vault maps discovered:
D:1:      lightli_arrival_statue_moat, layout_loops_ring, minmay_box_of_dots
D:2:      layout_rooms, nicolae_overflow_crystal_walls, okawaru_trees_1,
          lemuel_round_altar, uniq_terence
D:3:      layout_rooms, first_ration, cheibrodos_sewer_entry_drain,
          uniq_crazy_yiuf_cottage

Skill      XL: |  1  2 |
---------------+-------+-----
Short Blades   | 1 |  1.9
Ice Magic      | 2 |  2.5
Dodging        | |  1.5
Stealth        | |  3.6
Spellcasting   | |  2.2
Hexes          | |  3.0

Action                   || total
-------------------------++-------
Melee: Dagger            ||    29
       Bite              ||     4
 Cast: Corona            ||     6
       Ensorcelled Hiber ||    12
  Use: Scroll            ||     5
       Potion            ||     1
 Stab: Sleeping          ||    16
Armor: Robe              ||     7
Dodge: Dodged            ||    12

Table legend:
 A = Non-vault XP
 B = Vault XP
 C = Vault XP percentage of total XP
 D = Non-vault monster count
 E = Vault monster count
 F = Vault count percentage of total count
                 A         B        C        D         E       F
            +---------+---------+-------+---------+---------+-------
      Total |      32 |      39 |  54.9 |      16 |       2 |  11.1
            +---------+---------+-------+---------+---------+-------
        D:1 |      23 |       3 |  11.5 |      10 |       1 |   9.1
        D:2 |       9 |      36 |  80.0 |       6 |       1 |  14.3
            +---------+---------+-------+---------+---------+-------
